 Dungeon Crawl Stone Soup version 0.29.0-4-gdea44cf6ec (webtiles) character file.

Game seed: 3447366780226061644

53 qw the Chopper (level 3, -2/21 HPs)
             Began as a Tengu Warper on Aug 28, 2022.
             Slain by a gnoll
             ... wielding a +0 spear
              (6 damage)
             ... on level 2 of the Dungeon.
             The game lasted 00:00:09 (1439 turns).

qw the Chopper (Tengu Warper)                       Turns: 1439, Time: 00:00:09

Health: -2/21      AC:  3    Str: 13    XL:     3   Next: 89%
Magic:  7/7        EV: 12    Int: 13    God:
Gold:   83         SH:  0    Dex: 13    Spells: 6/6 levels left

rFire   . . .      SeeInvis .   Y - +0 hand axe
rCold   + . .      Faith    .   (no shield)
rNeg    . . .      Spirit   .   b - +0 leather armour
rPois   .          Reflect  .   (helmet restricted)
rElec   .          Harm     .   (no cloak)
rCorr   .          Rampage  .   (no gloves)
Will    .....                   (boots unavailable)
Stlth   +.........              (no amulet)
HPRegen 0.07/turn               g - ring of protection from cold
MPRegen 0.10/turn               (no ring)

@: no status effects
A: beak, talons 3
a: no special abilities


You were on level 2 of the Dungeon.
You visited 1 branch of the dungeon, and saw 2 of its levels.

You collected 83 gold pieces.


Innate Abilities, Weirdness & Mutations

You have a beak for a mouth.
You have claws for feet.


   Skills:
 - Level 2.0 Fighting
 + Level 4.5 Axes
 - Level 1.0 Throwing
 - Level 1.1 Armour
 - Level 2.1 Dodging
 - Level 2.0 Spellcasting
 - Level 2.4 Translocations


You had 6 spell levels left.
You didn't know any spells.
Your spell library contained the following spells:

 Spells                   Type           Power      Damage    Failure   Level
 Blink                    Tloc           14%        N/A       19%         2
 Gell's Gravitas          Tloc           7%         N/A       36%         3
 Lesser Beckoning         Tloc           7%         N/A       36%         3
 Teleport Other           Tloc           7%         N/A       36%         3
 Manifold Assault         Tloc           7%         N/A       98%         5

Inventory:

Hand Weapons
 j - a +0 club
 Y - a +0 hand axe (weapon)
Armour
 b - a +0 leather armour (worn)
 c - a +0 chain mail
Jewellery
 g - a ring of protection from cold (left hand)
Potions
 a - a potion of curing {unknown}
 d - a potion of cancellation {unknown}
 e - a potion of heal wounds {unknown}

Dungeon Overview and Level Annotations

Branches:
Dungeon (2/15)

Altars:

Annotations:
D:2 Natasha


Message History

You hit the worm. You claw the worm. You peck the worm.
You kill the worm!
You start resting.
HP restored.
Found a stone staircase leading down.
A hobgoblin comes into view.
The hobgoblin shouts!
A hobgoblin comes into view.
1397 ||| Stepping ~*~*~tactically~*~*~ (stealth).
You hit the hobgoblin.
The hobgoblin is almost dead.
The hobgoblin barely misses you.
You closely miss the hobgoblin. You claw the hobgoblin.
You kill the hobgoblin!
1407 ||| Stepping ~*~*~tactically~*~*~ (stealth).
1408 ||| Stepping ~*~*~tactically~*~*~ (stealth).
A hobgoblin is nearby!
1411 ||| Stepping ~*~*~tactically~*~*~ (stealth).
1413 ||| Stepping ~*~*~tactically~*~*~ (stealth).
The hobgoblin shouts!
Found 5 stones.
Found a stone staircase leading down.
The hobgoblin misses you.
You hit the hobgoblin.
You kill the hobgoblin!
A gnoll comes into view. It is wielding a +0 spear.
The gnoll shouts!
You hear an angry hiss.
Enter note:
1434 ||| Stepping ~*~*~tactically~*~*~ (hiding).
Natasha and a gnoll come into view.
The gnoll shouts!
The gnoll hits you from afar with a +0 spear!
A gnoll comes into view. It is wielding a +0 club.
The gnoll shouts!
The gnoll hits you with a +0 spear.
You barely miss the gnoll. Your peck misses the gnoll.
The gnoll completely misses you.
You barely miss the gnoll. Your kick misses the gnoll.
The gnoll hits you with a +0 spear.
You closely miss the gnoll. Your kick misses the gnoll.
The gnoll hits you with a +0 spear.
You die...

. . .#. ... #g# #g# .. #h#
#.# #g# ####.## ##@##
......# ##...#####...
......########..#.......#
......#.....>(#...#####...
......#.......##.##...#
......#.........##....#
......#(..............#
##..##..........#.....#
#8..8##.........#.....#


You could see Natasha and 3 gnolls.

Vanquished Creatures
  An adder (D:2)
  2 worms (D:2)
  5 endoplasms
  A giant cockroach (D:2)
  8 goblins
  3 hobgoblins
  3 kobolds (D:1)
  A quokka (D:1)
  5 ball pythons
  2 bats (D:1)
  A frilled lizard (D:1)
  A rat (D:1)
33 creatures vanquished.

Notes
Turn   | Place    | Note
-------+----------+-------------------------------------------
     0 | D:1      | qw the Tengu Warper began the quest for the Orb.
     0 | D:1      | Reached XP level 1. HP: 12/12 MP: 4/4
     0 | D:1      | 0 ||| qw: Version: 0.1-a-89-g26bdef1
     0 | D:1      | 0 ||| qw: Game counter: 2947
     0 | D:1      | 0 ||| qw: Always use a shield: true
     0 | D:1      | 0 ||| qw: God list: Okawaru
     0 | D:1      | 0 ||| qw: Allow faded altars: false
     0 | D:1      | 0 ||| qw: Do Orc after D:15 true
     0 | D:1      | 0 ||| qw: Do second Lair branch before Depths: true
     0 | D:1      | 0 ||| qw: Lair rune preference: random
     0 | D:1      | 0 ||| qw: Plans: Normal
     0 | D:1      | 0 ||| PLANNING D:1-11
     6 | D:1      | 6 ||| Stepping ~*~*~tactically~*~*~ (stealth).
     8 | D:1      | 8 ||| Stepping ~*~*~tactically~*~*~ (stealth).
    72 | D:1      | 72 ||| Stepping ~*~*~tactically~*~*~ (stealth).
   169 | D:1      | 169 ||| Stepping ~*~*~tactically~*~*~ (stealth).
   175 | D:1      | Reached skill level 3 in Axes
   175 | D:1      | Reached XP level 2. HP: 17/17 MP: 6/6
   186 | D:1      | 186 ||| Stepping ~*~*~tactically~*~*~ (stealth).
   404 | D:1      | 404 ||| Stepping ~*~*~tactically~*~*~ (stealth).
   440 | D:1      | 440 ||| Stepping ~*~*~tactically~*~*~ (stealth).
   736 | D:1      | Reached XP level 3. HP: 15/21 MP: 7/7
   873 | D:1      | Found a faded altar of an unknown god.
  1013 | D:1      | 1013 ||| UPGRADING to ring of protection from cold.
  1014 | D:1      | 1014 ||| READING scroll labelled KEWO HAIPPU.
  1015 | D:1      | 1015 ||| READING scroll labelled UTUMMOHUSA.
  1016 | D:1      | 1016 ||| READING scroll labelled FOEBECK XAMP.
  1017 | D:1      | 1017 ||| READING scroll labelled ZEXTUA WANG.
  1018 | D:1      | 1018 ||| DROPPING scroll of blinking.
  1059 | D:2      | Reached skill level 4 in Axes
  1397 | D:2      | 1397 ||| Stepping ~*~*~tactically~*~*~ (stealth).
  1407 | D:2      | 1407 ||| Stepping ~*~*~tactically~*~*~ (stealth).
  1408 | D:2      | 1408 ||| Stepping ~*~*~tactically~*~*~ (stealth).
  1411 | D:2      | 1411 ||| Stepping ~*~*~tactically~*~*~ (stealth).
  1413 | D:2      | 1413 ||| Stepping ~*~*~tactically~*~*~ (stealth).
  1434 | D:2      | 1434 ||| Stepping ~*~*~tactically~*~*~ (hiding).
  1435 | D:2      | Noticed Natasha
  1438 | D:2      | HP: 4/21 [gnoll/+0 spear (3)]
  1439 | D:2      | Slain by a gnoll

Levels and vault maps discovered:
D:1:      mrwooster_arrival_statue_2, layout_basic,
          hellmonk_ecumenical_altar_crossroads
D:2:      layout_rooms, basic_altar, minmay_misc_feat_tower, st_stairs_6,
          uniq_natasha

Skill      XL: |  1  2  3 |
---------------+----------+-----
Axes           | 3 4 |  4.5
Fighting       | |  2.0
Throwing       | |  1.0
Armour         | |  1.1
Dodging        | |  2.1
Spellcasting   | |  2.0
Translocations | |  2.4

Action                   || total
-------------------------++-------
Melee: Hand axe          ||    77
       Kick              ||    19
       Peck              ||    10
Throw: Boomerang         ||     7
  Use: Scroll            ||     4
 Stab: Sleeping          ||     1
Armor: Leather armour    ||    11
Dodge: Dodged            ||    34

Table legend:
 A = Non-vault XP
 B = Vault XP
 C = Vault XP percentage of total XP
 D = Non-vault monster count
 E = Vault monster count
 F = Vault count percentage of total count
                 A         B        C        D         E       F
            +---------+---------+-------+---------+---------+-------
      Total |      71 |       6 |   7.8 |      32 |       1 |   3.0
            +---------+---------+-------+---------+---------+-------
        D:1 |      39 |       0 |   0.0 |      23 |       0 |   0.0
        D:2 |      32 |       6 |  15.8 |       9 |       1 |  10.0
            +---------+---------+-------+---------+---------+-------
